 Dungeon Crawl Stone Soup version 0.28.0 (webtiles) character file.

Game seed: 18301080733980667896

47 pkoi the Gusty (level 3, -1/26 HPs)
             Began as a Draconian Air Elementalist on Feb 10, 2022.
             Killed from afar by Robin (7 damage)
             ... with a puff of flame
             ... on level 2 of the Dungeon.
             The game lasted 00:02:26 (1990 turns).

pkoi the Gusty (Draconian Air Elementalist)         Turns: 1990, Time: 00:02:26

Health: -1/26      AC:  5    Str: 10    XL:     3   Next: 48%
Magic:  1/6        EV: 12    Int: 17    God:
Gold:   71         SH:  0    Dex: 11    Spells: 5/6 levels left

rFire   . . .      SeeInvis .   a - +0 dagger
rCold   . . .      Faith    .   (no shield)
rNeg    . . .      Spirit   .   (armour unavailable)
rPois   .          Reflect  .   (helmet restricted)
rElec   .          Harm     .   (no cloak)
rCorr   .          Rampage  .   (no gloves)
Will    .....                   (no boots)
Stlth   ++........              (no amulet)
HPRegen 0.08/turn               (no ring)
MPRegen 0.10/turn               (no ring)

@: no status effects
A: AC +5, unfitting armour, cold-blooded
a: no special abilities


You were on level 2 of the Dungeon.
You visited 1 branch of the dungeon, and saw 3 of its levels.

You collected 71 gold pieces.

Inventory:

Hand Weapons
 a - a +0 dagger (weapon)
Missiles
 f - 3 poisoned darts
Scrolls
 b - a scroll of teleportation {unknown}
 c - a scroll of identify {unknown}
 d - a scroll of enchant armour {unknown}
 e - a scroll of noise {unknown}
 h - a scroll of torment {unknown}
Potions
 g - a potion of curing {unknown}


   Skills:
 - Level 1.7 Dodging
 - Level 1.7 Stealth
 + Level 2.0 Unarmed Combat
 - Level 2.0 Spellcasting
 - Level 1.0 Conjurations
 + Level 3.9 Air Magic


You had 5 spell levels left.
You knew the following spells:

 Your Spells              Type           Power      Damage    Failure   Level
a - Shock                 Conj/Air       40%        1d5       7%          1

Your spell library contained the following spells:

 Spells                   Type           Power      Damage    Failure   Level
 Static Discharge         Conj/Air       10%        N/A       11%         2
 Swiftness                Air            15%        N/A       12%         3
 Airstrike                Air            7%         N/A       36%         4


Dungeon Overview and Level Annotations

Branches:
Dungeon (3/15)

Altars:

Annotations:
D:2 Robin, Sigmund


Innate Abilities, Weirdness & Mutations

Your plain brown scales are hard. (AC +5)
You cannot fit into any form of body armour.
You are cold-blooded and may be slowed by cold attacks.


Message History

The zap hits Robin.
Robin is heavily wounded.
The zap hits the hobgoblin.
The hobgoblin is lightly wounded.
The zap hits Robin.
Robin is heavily wounded.
The zap hits the hobgoblin.
The hobgoblin is almost dead.
Robin zaps a wand.
The puff of flame hits you.
* * * LOW HITPOINT WARNING * * *
You are too injured to fight recklessly!
You are too injured to fight recklessly!
You are too injured to fight recklessly!
You are too injured to fight recklessly!
Unknown command.
Aiming: Shock (safe; 7% risk of failure)
Press: ? - help, Q - select action, (/) - cycle Shift-Dir - straight line, f/p - Robin
Aim: Robin, wielding a +0 falchion, wearing a +0 animal skin, wearing the -2 helmet of Rotation {Dex+3} and carrying a wand of flame (8) (heavily wounded, 77% to hit)
The zap hits Robin but does no damage.
Robin is heavily wounded.
The zap hits the hobgoblin.
You kill the hobgoblin!
Robin zaps a wand.
The puff of flame hits you.
* * * LOW HITPOINT WARNING * * *
Aiming: Shock (safe; 7% risk of failure)
Press: ? - help, Q - select action, (/) - cycle Shift-Dir - straight line, f/p - Robin
Aim: Robin, wielding a +0 falchion, wearing a +0 animal skin, wearing the -2 helmet of Rotation {Dex+3} and carrying a wand of flame (7) (heavily wounded, 77% to hit)
The zap hits Robin.
Robin is severely wounded.
Robin zaps a wand.
The puff of flame hits you!
* * * LOW HITPOINT WARNING * * *
Robin barely misses you.
You climb upwards.
Level annotation: Sigmund Your magical contamination has completely faded away.
There is a stone staircase leading down, spattered with blood here.
Sigmund shouts!
Robin says, "My army is invincible!"
Robin zaps a wand.
The puff of flame hits you!
You die...

##........#####
##.#
#..........# .#
#..........# .
#........<.#
#..........#
#.........(#
##..<.....##
##...@....##
#..@.......#
#..........#
#..g)......#
#..>.......#
#..........#
##........##
##......##
########


You could see Sigmund and Robin.

Vanquished Creatures
  A worm (D:3)
  3 endoplasms (D:1)
  2 giant cockroaches (D:1)
  9 goblins
  5 hobgoblins
  3 jackals
  2 kobolds (D:1)
  2 quokkas (D:1)
  5 ball pythons
  A bat (D:1)
  A frilled lizard (D:1)
  4 rats (D:1)
38 creatures vanquished.

Notes
Turn   | Place    | Note
-------+----------+-------------------------------------------
     0 | D:1      | pkoi the Draconian Air Elementalist began the quest for the
                  | Orb.
     0 | D:1      | Reached XP level 1. HP: 14/14 MP: 3/3
   236 | D:1      | Found a faded altar of an unknown god.
   807 | D:1      | Reached XP level 2. HP: 20/20 MP: 1/5
   911 | D:1      | Reached skill level 1 in Unarmed Combat
  1578 | D:2      | Noticed Sigmund
  1582 | D:2      | Reached XP level 3. HP: 18/26 MP: 1/6
  1852 | D:3      | Identified the -2 helmet of Rotation {Dex+3}
  1852 | D:3      | Noticed Robin
  1990 | D:2      | Killed from afar by Robin

Illustrated notes

Levels and vault maps discovered:
D:1:      onia_arrival_handbag, layout_basic, ebering_ecumenical_altar_webs,
          minmay_tetromino_s4
D:2:      layout_rooms, chequers_serial_rivers_room_b, uniq_sigmund
D:3:      layout_basic, minmay_puff, uniq_crazy_yiuf_cottage, uniq_robin

Skill      XL: |  1  2  3 |
---------------+----------+-----
Unarmed Combat | 1 2 |  2.0
Dodging        | |  1.7
Stealth        | |  1.7
Spellcasting   | |  2.0
Conjurations   | |  1.0
Air Magic      | |  3.9

Action                   || total
-------------------------++-------
Melee: Unarmed           ||    21
       Tailslap          ||     6
       Dagger            ||    60
 Cast: Shock             ||    65
 Stab: Sleeping          ||     1
Armor: Skin              ||    33
Dodge: Dodged            ||    63
